Map: New Gettysburg LE

Players

Nickos

  • Race: Terran Terran
  • League: Gold

whoareyou - Winner!

  • Race: Terran Terran

VOD

Have the link to the VOD?

Description

Time

  • Played on: Sept. 3, 2016, 2:39 a.m.
  • Length: 18:45
Show
View Real Time Build Order
Export as new Build Order

Nickos Terran 

Build Orders: MMM Bio 

Get SALT Encoding   

  12  0:01  SCV  
  13  0:13  SCV  
  14  0:18  Supply Depot  
  14  0:25  SCV  
  15  0:40  SCV  
  15  0:41  Barracks  
  16  0:44  Refinery  
  16  0:52  SCV  
  17  1:04  SCV  
  18  1:16  SCV  
  19  1:32  Orbital Command  
  20  1:34  Reaper  
  20  1:47  Command Center  
  20  1:55  Supply Depot  
  20  1:57  SCV  
  22  2:16  Barracks Reactor  
  22  2:21  Factory  
  20  2:30  SCV  
  21  2:41  Refinery  
  21  2:42  SCV  
  21  2:54  SCV, Marine x2  
  21  2:55  Barracks  
  24  2:59  Orbital Command  
  24  3:06  Factory Reactor, SCV  
  25  3:14  Starport  
  25  3:17  Marine x2  
  25  3:18  SCV  
  28  3:26  SCV  
  29  3:30  SCV  
  29  3:34  Supply Depot  
  30  3:35  Marine  
  30  3:38  SCV  
  32  3:43  SCV  
  33  3:50  SCV  
  33  3:55  SCV  
  35  4:00  Engineering Bay, Marine x2  
  35  4:01  Supply Depot  
  35  4:02  Barracks Tech Lab  
  37  4:04  SCV  
  37  4:07  SCV  
  39  4:13  Widow Mine  
  41  4:18  Marine x2  
  41  4:19  Engineering Bay  
  41  4:22  SCV  
  41  4:23  Refinery, Supply Depot  
  44  4:25  SCV  
  45  4:32  Terran Infantry Weapons Level 1  
  45  4:34  Marauder  
  45  4:36  Stimpack  
  47  4:39  SCV  
  47  4:41  SCV  
  49  4:46  Marine  
  49  4:51  Terran Infantry Armor Level 1, SCV  
  49  4:52  Medivac  
  53  4:53  SCV  
  53  4:54  Marine  
  55  5:03  SCV  
  55  5:04  Viking  
  55  5:05  SCV, Marine x2  
  61  5:11  Supply Depot  
  61  5:12  Marine  
  62  5:16  SCV  
  62  5:17  SCV  
  64  5:22  Marine  
  64  5:23  Medivac  
  67  5:30  Marine x2  
  67  5:34  Supply Depot, SCV x2  
  71  5:39  Medivac  
  71  5:40  Marine  
  74  5:47  SCV  
  74  5:48  SCV, Marine x2  
  78  5:53  Armory  
  78  6:00  SCV  
  79  6:06  Command Center, Sensor Tower  
  77  6:15  SCV x2  
  79  6:27  SCV x2  
  81  6:39  SCV x2  
  83  6:44  Terran Infantry Weapons Level 2  
  83  6:51  SCV  
  83  6:52  Combat Shields, SCV  
  85  6:58  Supply Depot  
  85  7:01  Supply Depot  
  85  7:03  SCV  
  86  7:17  Medivac, Marine x3  
  86  7:18  SCV  
  86  7:22  Refinery  
  92  7:25  Planetary Fortress  
  92  7:29  Refinery  
  92  7:35  Marine x3  
  88  7:38  Medivac  
  88  7:41  Factory Tech Lab  
  90  7:45  Barracks  
  90  7:50  Barracks  
  90  7:51  Barracks  
  90  7:52  SCV x2  
  90  7:53  Medivac, Marine x3  
  97  8:04  SCV  
  98  8:08  SCV  
  98  8:11  SCV  
  100  8:16  SCV  
  101  8:20  Terran Infantry Armor Level 2, SCV  
  101  8:23  SCV  
  103  8:27  Medivac x2  
  103  8:28  SCV, Marine x3  
  103  8:32  SCV  
  112  8:38  Barracks x2  
  112  8:39  Barracks  
  112  8:41  Barracks  
  112  8:42  Barracks  
  112  8:46  Marine x2  
  109  8:56  Missile Turret  
  109  9:05  Marine x2  
  109  9:06  Barracks Reactor  
  114  9:10  SCV x3  
  114  9:12  Terran Infantry Weapons Level 3  
  114  9:14  Supply Depot  
  116  9:18  Barracks Reactor x2  
  116  9:20  Medivac x2  
  118  9:27  Marine x3  
  118  9:28  Barracks Reactor x2  
  121  9:32  Barracks Reactor  
  121  9:37  Barracks Reactor  
  121  9:50  Marine  
  121  9:51  Marine  
  121  9:52  Barracks Reactor  
  123  9:53  Medivac  
  125  10:01  Marine x5  
  125  10:02  Marine x2  
  132  10:13  Marine x4  
  134  10:19  Marine x6  
  134  10:20  Marine  
  141  10:37  Command Center  
  141  10:39  Medivac x2, Command Center, Marine x10  
  141  10:40  Supply Depot, Marine x2  
  141  10:41  Supply Depot x2  
  157  10:47  Command Center  
  157  10:55  Marine x6  
  157  10:56  Marine  
  164  11:01  Marine  
  164  11:02  Marine x5  
  164  11:03  Supply Depot, Marine x2  
  172  11:05  Supply Depot  
  172  11:07  SCV  
  172  11:08  SCV  
  172  11:09  Medivac x2  
  172  11:10  Terran Infantry Armor Level 3  
  178  11:16  Marine  
  178  11:17  Marine x5  
  184  11:22  Marine  
  184  11:23  Marine x4  
  144  11:40  Marine x2  
  144  11:41  Marine x5  
  144  11:42  Marine x3  
  144  11:59  Marine x2  
  144  12:00  Marine x5  
  144  12:01  Marine x4  
  152  12:02  Marine x4  
  159  12:11  Marine x4  
  157  12:17  Marine x2  
  157  12:18  Marine  
  157  12:19  Marine x5  
  157  12:20  Marine x5  
  157  12:21  Marine x2  
  172  12:29  Marine  
  168  12:36  Marine x5  
  168  12:37  Marine  
  173  12:39  Planetary Fortress  
  173  12:41  Planetary Fortress  
  173  12:43  Marine x4  
  173  12:44  Missile Turret, Marine x5  
  178  12:45  Marine x2  
  178  12:50  Marine x2  
  187  12:53  Marine  
  187  12:58  Marine x4  
  189  12:59  Marine  
  193  13:13  Marine x3  
  193  13:14  Marine x4  
  131  14:03  Marine  
  131  14:04  Marine x5  
  131  14:05  Marine x3  
  122  14:10  Marine  
  122  14:11  Marine x5  
  122  14:12  Marine x2  
  118  14:21  Marine  
  118  14:22  Marine x4  
  118  14:23  Marine x3  
  118  14:24  Marine  
  126  14:28  Marine x2  
  126  14:29  Marine x6  
  135  14:39  Marine x2  
  135  14:40  Marine x3  
  135  14:41  Medivac, Marine x4  
  135  14:42  Medivac  
  135  14:43  Barracks  
  135  14:44  Barracks x2  
  135  14:45  Barracks  
  148  14:49  Marine x2  
  148  14:50  Marine x4  
  148  14:51  Marine  
  155  14:59  Marine x4  
  159  15:18  Marine x4  
  163  15:22  Marine x5  
  163  15:23  Marine x4  
  169  15:44  Marine  
  169  15:45  Marine x5  
  169  15:46  Marine x2  
  177  15:51  Marine x4  
  177  15:52  Marine x4  
  185  16:04  Barracks Reactor x2  
  185  16:05  Barracks Reactor x2  
  185  16:06  Marine x3  
  185  16:07  Marine x2  
  190  16:19  Marine  
  190  16:20  Marine x5  
  190  16:21  Marine  
  190  16:22  Marine  
  190  16:23  Marine x2  
  155  16:57  Marine x6  
  155  16:58  Marine x6  
  155  16:59  Marine x13  
  142  17:03  Medivac x2  
  136  17:15  Marine x10  
  142  17:33  Medivac x2  
  113  17:38  Marine x10  
  113  17:39  Marine x15  
  123  17:55  Marine  
  123  17:56  Marine x15  
  123  17:57  Marine  
  123  17:58  Marine x4  
  124  18:03  Medivac x2  
  107  18:09  Marine x3  
  104  18:15  Marine  
  82  18:21  Marine x2  
Show
View Real Time Build Order
Export as new Build Order

whoareyou Terran - Winner!

Build Orders: Reaper Expand, Mech 

Get SALT Encoding   

  12  0:01  SCV  
  13  0:13  SCV  
  14  0:22  Supply Depot  
  14  0:25  SCV  
  15  0:43  SCV  
  15  0:46  Barracks  
  16  0:50  Refinery  
  16  0:55  SCV  
  17  1:08  SCV  
  18  1:20  SCV  
  18  1:23  Refinery  
  19  1:33  Orbital Command  
  19  1:36  Reaper  
  20  1:51  Command Center  
  20  1:58  SCV  
  21  2:10  Factory  
  21  2:19  SCV  
  21  2:30  Barracks Reactor  
  21  2:31  SCV  
  21  2:34  Supply Depot  
  22  2:47  SCV  
  23  2:59  SCV  
  23  3:00  Starport, Factory Tech Lab  
  24  3:07  Marine x2  
  26  3:13  SCV  
  26  3:14  Supply Depot  
  27  3:25  SCV x2  
  29  3:27  Siege Tank  
  32  3:37  Orbital Command, SCV  
  32  3:38  Starport Tech Lab  
  32  3:39  Starport Reactor  
  33  3:42  Marine  
  34  3:54  Supply Depot  
  34  4:00  SCV  
  35  4:03  Marine  
  35  4:04  Widow Mine  
  38  4:12  Factory, SCV  
  38  4:15  Armory  
  39  4:20  Medivac  
  39  4:22  Viking  
  43  4:24  SCV  
  43  4:28  SCV  
  45  4:36  SCV  
  46  4:42  Engineering Bay  
  46  4:49  SCV  
  46  4:50  Refinery, SCV  
  46  4:51  Refinery  
  48  5:00  Factory Reactor  
  48  5:01  SCV  
  48  5:02  SCV  
  50  5:07  Siege Tank  
  50  5:13  SCV  
  54  5:15  Missile Turret  
  54  5:16  Barracks Tech Lab  
  54  5:19  SCV  
  55  5:25  SCV  
  56  5:31  SCV  
  57  5:36  Terran Vehicle Weapons Level 1  
  57  5:37  SCV  
  57  5:41  Widow Mine x2  
  62  5:45  Drilling Claws  
  62  5:49  Command Center  
  62  6:00  Supply Depot  
  62  6:01  Supply Depot  
  62  6:10  SCV x2  
  62  6:22  Widow Mine x2, Siege Tank, SCV x2  
  62  6:25  Supply Depot  
  71  6:27  Supply Depot  
  71  6:34  SCV  
  72  6:44  SCV  
  72  6:47  SCV  
  74  6:49  Viking x2  
  74  6:51  Widow Mine  
  80  6:56  SCV  
  80  6:57  Factory  
  81  7:01  Command Center  
  81  7:03  Factory  
  81  7:07  Infernal Pre-Igniter  
  81  7:09  Siege Tank  
  81  7:11  Orbital Command  
  81  7:14  SCV x2  
  86  7:19  Medivac  
  88  7:26  SCV x2  
  90  7:46  Refinery, SCV  
  90  7:47  SCV x2  
  90  7:50  Refinery  
  90  7:51  Siege Tank x2  
  96  7:52  Hellion x2  
  96  7:58  Factory Tech Lab  
  103  7:59  SCV x3  
  103  8:00  Supply Depot x2  
  103  8:05  Terran Vehicle Weapons Level 2  
  106  8:11  SCV x3  
  109  8:23  Siege Tank x2, SCV x3  
  118  8:35  SCV x3  
  121  8:47  SCV x3  
  122  8:55  Planetary Fortress  
  121  9:04  SCV x3  
  121  9:08  Siege Tank x3  
  133  9:10  Hellion x2  
  133  9:16  Supply Depot, SCV x3  
  140  9:18  Supply Depot x2  
  140  9:20  Supply Depot  
  140  9:38  Hellion x2, SCV x4  
  148  9:39  Supply Depot  
  148  9:42  Armory  
  148  9:45  Supply Depot  
  148  9:50  SCV x4  
  152  9:59  Hellion  
  154  10:02  SCV  
  149  10:23  Hellion x2  
  149  10:25  Siege Tank x3  
  162  10:36  Missile Turret x4  
  162  10:37  Missile Turret  
  162  10:39  Viking x2  
  162  10:41  Terran Vehicle And Ship Armor Level 1, Missile Turret  
  162  10:42  Terran Vehicle Weapons Level 3  
  166  10:43  Supply Depot  
  166  10:44  Hellion x2  
  166  10:45  Missile Turret, SCV x2  
  166  10:46  SCV x2  
  166  10:49  Refinery  
  174  10:50  Refinery  
  177  10:57  Siege Tank x3, SCV  
  177  11:01  Command Center  
  184  11:09  Viking x2  
  188  11:14  Starport, SCV x3  
  188  11:17  Starport  
  145  11:40  Siege Tank x2  
  145  11:41  Siege Tank  
  127  12:00  Hellion x2  
  116  12:12  Siege Tank x2  
  116  12:13  Siege Tank  
  102  12:21  Hellion  
  102  12:22  Hellion  
  103  12:31  Starport Tech Lab x2  
  103  12:40  Fusion Core  
  103  12:42  SCV x3  
  103  12:43  Orbital Command, Hellion x2, SCV  
  111  12:44  Siege Tank  
  111  12:45  Hellion x2  
  118  12:53  Factory  
  118  12:54  Factory  
  118  13:02  Refinery  
  118  13:04  Hellion x2  
  118  13:06  Hellion  
  118  13:07  Hellion  
  118  13:17  Hellion  
  120  13:26  Hellion x2  
  124  13:28  Hellion x2  
  128  13:38  Hellion  
  128  13:47  Hellion x2  
  132  13:49  Siege Tank x2  
  138  13:57  Factory Tech Lab  
  138  13:58  Factory Tech Lab  
  138  13:59  Siege Tank  
  121  14:18  Siege Tank x2  
  121  14:21  Siege Tank x2  
  121  14:22  Missile Turret  
  133  14:25  Missile Turret x2  
  133  14:31  Siege Tank  
  133  14:35  Terran Ship Weapons Level 1, Terran Vehicle And Ship Armor Level 2  
  136  14:50  Siege Tank x2  
  142  14:53  Siege Tank x2  
  142  14:54  Hellion x7  
  148  15:03  Siege Tank  
  148  15:04  Hellion x2  
  155  15:15  Orbital Command  
  155  15:22  Thor, Siege Tank  
  155  15:25  Thor, Hellion x2, Siege Tank  
  177  15:35  Siege Tank  
  168  15:47  Hellion x2  
  170  15:54  Thor  
  170  15:55  Command Center  
  176  15:57  Thor  
  176  16:01  Refinery x2  
  182  16:05  Hellion  
  182  16:08  Hellion x4  
  192  16:27  Hellion  
  192  16:29  Hellion  
  196  16:38  Hellion x2  
  196  16:39  Hellion x2  
  194  16:41  Hellion  
  189  17:06  Hellion x3  
  195  17:18  Command Center  
  195  17:20  Supply Depot x2  
  195  17:21  Supply Depot  
  195  17:22  Supply Depot  
  195  17:23  Supply Depot  
  195  17:26  Supply Depot  
  195  17:28  Command Center  
  195  17:30  Hellion  
  195  17:32  Hellion x2  
  195  17:33  Hellion  
  188  17:43  Siege Tank  
  183  17:51  Siege Tank  
  183  17:54  Hellion x2, Siege Tank  
Tags
 
Composition
MMM BioMech
League
Gold
Matchup
TvT
Race
Terran
Replay Pack
Nickos replay
Add a new tag
Caveats
  • Supply blocks, unpowered buildings, or Contaminate may cause inaccurate times.
  • Supply counts are checked every 10 seconds.